AoeStats
← SS_BLaH

Arena

506313412Analyzed
3v3 RM · 20d ago on Sep 13, 2026· 57m 23s· 6 players
Game mode
Random Map
Map size
Normal (6 player)
Population
200
Speed
Normal
Resources
Standard
Victory
Conquest
Starting age
Dark Age
Ending age
Imperial Age
RankedLock teamsTeams togetherTeam positionsShared explorationLock speedFull tech treeHidden civsTurbo modeCheats
Victory
Defeat
🇲🇽 Khmer · Mexico
844
+11
🇧🇷 Berbers · Brazil
796
+13
🇨🇴 Armenians · Colombia
792
+13
🇲🇽 Bulgarians · Mexico
738
-13
🇲🇽 Byzantines · Mexico
737
-13
🇲🇽 Goths · Mexico
689
-11
REYJAGUAR4660
4:04 Loom
10:36 Feudal Age
11:06 Double-Bit Axe
11:26 Horse Collar
12:41 Town Watch
13:06 Gold Mining
13:13 Stone Mining
14:46 Wheelbarrow
14:29 Man-at-Arms
15:28 Long Swordsman
17:07 Scale Mail Armor
18:33 Forging
18:41 Arson
20:45 Fletching
20:56 Padded Archer Armor
24:34 Pikeman
37:44 Castle Age
38:25 Gambesons
38:02 Two-Handed Swordsman
39:31 Iron Casting
39:14 Squires
42:19 Coinage
41:57 Elite Skirmisher
44:14 Chain Mail Armor
45:06 Leather Archer Armor
45:18 Ballistics
46:39 Masonry
46:25 Murder Holes
47:04 Bodkin Arrow
49:20 Hand Cart
50:17 Fortified Wall
51:16 Caravan
51:46 Heavy Plow
52:00 Bow Saw
53:44 Gold Shaft Mining
56:04 Imperial Age
56:13 Heated Shot
56:50 Elite Composite Bowman
57:38 Fereters
57:54 Conscription
57:07 Champion
Eli Correa 3950
10:53 Feudal Age
12:12 Wheelbarrow
11:28 Double-Bit Axe
11:26 Horse Collar
13:09 Loom
19:51 Castle Age
18:20 Gold Mining
21:10 Hand Cart
24:11 Imperial Age
21:58 Bow Saw
21:55 Heavy Plow
31:47 Chemistry
31:35 Stone Mining
32:21 Gold Shaft Mining
38:28 Ballistics
38:13 Padded Archer Armor
38:04 Fletching
45:13 Conscription
45:30 Crop Rotation
45:19 Leather Archer Armor
45:00 Bodkin Arrow
SS_BLaH
2:59 Loom
10:22 Feudal Age
16:45 Castle Age
22:03 Horse Collar
22:21 Double-Bit Axe
23:41 Gold Mining
27:51 Wheelbarrow
28:16 Husbandry
28:34 Town Watch
30:06 Hand Cart
30:56 Heavy Plow
34:56 Imperial Age
32:32 Fletching
33:35 Bow Saw
34:08 Gold Shaft Mining
35:32 Bodkin Arrow
35:39 Padded Archer Armor
36:06 Conscription
37:05 Chemistry
36:26 Ballistics
36:48 Elite Camel Archer
36:52 Heavy Camel Rider
37:56 Bracer
38:11 Leather Archer Armor
38:03 Scale Barding Armor
38:08 Forging
38:04 Town Patrol
41:56 Heavy Scorpion
45:03 Caravan
45:33 Coinage
49:11 Onager
52:59 Bloodlines
52:10 Light Cavalry
53:13 Chain Barding Armor
53:29 Iron Casting
54:01 Crop Rotation
54:07 Hussar
56:07 Plate Barding Armor
56:33 Blast Furnace
pablopelucas
3:51 Loom
10:29 Feudal Age
11:09 Double-Bit Axe
14:33 Stone Mining
17:48 Man-at-Arms
21:24 Castle Age
20:10 Forging
21:15 Scale Barding Armor
22:06 Fletching
22:48 Husbandry
27:38 Wheelbarrow
29:21 Gold Mining
32:57 Horse Collar
34:45 Ballistics
35:03 Bodkin Arrow
36:54 Bow Saw
37:42 Elite Skirmisher
38:27 Padded Archer Armor
40:57 Hand Cart
41:17 Fortified Wall
43:14 Leather Archer Armor
43:53 Thumb Ring
ganzo
12:45 Feudal Age
14:01 Wheelbarrow
13:12 Double-Bit Axe
13:31 Gold Mining
13:23 Horse Collar
22:47 Castle Age
21:52 Forging
21:43 Scale Mail Armor
24:03 Iron Casting
24:01 Bow Saw
23:46 Stone Mining
24:33 Gold Shaft Mining
26:46 Squires
30:16 Stone Shaft Mining
29:51 Elite Skirmisher
31:59 Chain Mail Armor
31:35 Fletching
31:46 Padded Archer Armor
31:36 Gambesons
31:37 Arson
32:13 Hand Cart
32:55 Bodkin Arrow
33:16 Leather Archer Armor
34:04 Thumb Ring
35:58 Ballistics
43:03 Imperial Age
40:52 Heavy Plow
44:15 Plate Mail Armor
43:45 Bracer
44:46 Blast Furnace
44:09 Conscription
43:57 Capped Ram
44:04 Pikeman
45:25 Crop Rotation
46:04 Chemistry
45:02 Murder Holes
44:52 Halberdier
45:48 Bagains
45:53 Siege Ram
49:54 Scale Barding Armor
51:12 Cavalier
51:55 Husbandry
52:06 Bloodlines
52:35 Stirrups
Flight40013
7:41 Loom
11:10 Feudal Age
12:55 Wheelbarrow
14:35 Gold Mining
15:35 Double-Bit Axe
19:23 Horse Collar
23:28 Castle Age
21:30 Man-at-Arms
23:50 Forging
24:52 Long Swordsman
27:04 Hand Cart
27:08 Heavy Plow
30:49 Bow Saw
30:37 Stone Mining
33:30 Iron Casting
32:57 Scale Mail Armor
35:17 Masonry
35:34 Anarchy
35:02 Crossbowman
36:56 Murder Holes
42:12 Squires
48:03 Imperial Age
48:32 Onager
53:28 Ballistics
54:17 Blast Furnace
53:33 Chain Mail Armor
53:19 Padded Archer Armor
54:19 Elite Huskarl
Connection lost

Rejoining the realm…

Still unreachable

The connection could not be restored.

Session expired

The server has moved on; the page needs a fresh start.